 Dungeon Crawl Stone Soup version 0.31-a0-216-g22e908daa7 (webtiles) character file.

Game seed: 1792645810124484598

717 qw the Skirmisher (level 7, -3/60 HPs)
             Began as a Minotaur Hexslinger on July 1, 2023.
             Was a Follower of Okawaru.
             Slain by a white imp (4 damage)
             ... on level 5 of the Dungeon.
             The game lasted 00:01:27 (3560 turns).

qw the Skirmisher (Minotaur Hexslinger)             Turns: 3560, Time: 00:01:28

Health: -3/60      AC:  6    Str: 13    XL:     7   Next: 42%
Magic:  5/7        EV: 13    Int: 10    God:    Okawaru [*.....]
Gold:   205        SH:  0    Dex: 14    Spells: 7/8 levels left

rFire   . . .        Y - +2 sling
rCold   . . .        (no shield)
rNeg    . . .        h - +0 ring mail
rPois   .            (helmet restricted)
rElec   .            (no cloak)
rCorr   .            (no gloves)
SInv    .            (no boots)
Will    .....        (no amulet)
Stlth   ++           b - +4 ring of slaying {mikee}
HPRegen 0.30/turn    (no ring)
MPRegen 0.10/turn

%: no passive effects
@: heroic, marked
A: horns 2, retaliatory headbutt
a: Renounce Religion, Heroism


You were on level 5 of the Dungeon.
You worshipped Okawaru.
Okawaru was aware of your devotion.
You visited 2 branches of the dungeon, and saw 6 of its levels.

You collected 205 gold pieces.


Innate Abilities, Weirdness & Mutations

You have a pair of horns on your head.
You reflexively headbutt those who attack you in melee.


   Skills:
 + Level 4.7(9.7) Fighting
 - Level 8.0(13.0) Ranged Weapons
 - Level 1.0(6.0) Armour
 - Level 2.1(7.1) Dodging
 - Level 1.0 Spellcasting
 - Level 2.0 Hexes
 + Level 0.8 Invocations


You had 7 spell levels left.
You knew the following spells:

 Your Spells              Type           Power      Damage    Failure   Level
a - Slow                  Hex            16%        N/A       30%         1

Your spell library contained the following spells:

 Spells                   Type           Power      Damage    Failure   Level
 Inner Flame              Hex/Fire       2%         N/A       80%         3
 Portal Projectile        Hex/Tloc       4%         N/A       80%         3
 Cause Fear               Hex            2%         N/A       96%         4

Inventory:

Hand Weapons
 Y - a +2 sling (weapon)
Armour
 a - a +0 pair of gloves
 c - the +0 hat of Yluobox {rF+ rN+ Will+}
   (You acquired it on level 3 of the Dungeon)

   rF:        It protects you from fire.
   rN:        It protects you from negative energy.
   Will:      It increases your willpower.
 h - a +0 ring mail (worn)
 m - a +0 cloak
Jewellery
 b - a +4 ring of slaying (left hand) {mikee}
Scrolls
 e - a scroll of identify
Potions
 d - a potion of brilliance {unknown}
 f - a potion of resistance {unknown}
 g - a potion of enlightenment {unknown}
 i - a potion of might {unknown}
 j - 3 potions of curing {unknown}
 k - a potion of magic {unknown}

Dungeon Overview and Level Annotations

Branches:
Dungeon (5/15)             Temple (1/1) D:4

Altars:
Ashenzari
Cheibriados
Dithmenos
Elyvilon
Fedhas
Gozag
Hepliaklqana
Kikubaaqudgha
Makhleb
Nemelex Xobeh
Okawaru
Qazlal
Trog
Uskayaw
Wu Jian
Xom
Yredelemnul
Zin
The Shining One

Annotations:
D:3 3 runed translucent doors, qw's ghost, amateur MiHs


Message History

The orc wizard barely misses you.
You shoot a sling bullet.
The sling bullet closely misses the orc.
The adder bites you but does no damage. The phantom hits you.
The orc closely misses you. The orc hits you but does no damage.
The orc wizard mumbles some strange words.
The orc wizard flickers and vanishes!
Deactivating autopickup; reactivate with Ctrl-A.
You shoot a sling bullet. The sling bullet hits the orc.
The orc is almost dead.
The adder closely misses you. You furiously retaliate!
You headbutt the adder. The adder closely misses you. You furiously retaliate!
You headbutt the adder. You shoot a sling bullet.
The sling bullet hits the adder.
You kill the adder!
Okawaru accepts your kill.
The phantom hits you but does no damage.
The orc misses you. Something hits you but does no damage.
The orc barely misses you.
You shoot a sling bullet. The sling bullet hits the orc!
You kill the orc!
Okawaru accepts your kill. The phantom hits you.
The white imp hits you but does no damage.
Something hits you but does no damage. The orc misses you.
You shoot a sling bullet. The sling bullet hits the phantom!
The phantom is heavily damaged.
The phantom barely misses you. The white imp gestures at you.
The puff of frost misses you. The orc hits you but does no damage.
Something hits you.
You shoot a sling bullet. The sling bullet hits the phantom!
The phantom is severely damaged.
The white imp gestures at you. The puff of frost hits you!
The phantom hits you. The orc hits you with a +0 flail. Something hits you.
You shoot a sling bullet. The sling bullet hits the phantom.
The phantom is almost destroyed.
The white imp picks up a beetle and eats it.
The white imp hits you. The white imp freezes you.
You die...

#.....######..........
).#.........##..........
..#..................#..
#.....$.........#....##.
.....................##.
.....................##.
.......(....##......)...
......5{W......##.......
#...o@%......# .....
#...)#........#.....
#....#.#......# ##
#....#.P.P......
#....#...7~$...P
#.####PP..~~$... #.
...P.?~~~~ # #....~~~~


You could see a phantom, a white imp and an orc.

Vanquished Creatures
  A phantom (D:4)
  A bullfrog (D:4)
  A scorpion (D:5)
  4 jellies
  A gnoll bouda (D:4)
  2 sleepcaps
  Ijyb (D:3)
  2 iguanas (D:4)
  11 adders
  3 gnolls (D:4)
  A white imp (D:5)
  An ufetubus (D:4)
  2 worms
  2 dart slugs
  6 orcs (D:5)
  9 bats
  7 endoplasms
  5 giant cockroaches
  8 hobgoblins
  7 jackals
  4 quokkas
  9 ball pythons
  3 frilled lizards
  6 goblins
  4 kobolds
  3 rats
104 creatures vanquished.

Notes
Turn   | Place    | Note
-------+----------+-------------------------------------------
     0 | D:1      | qw the Minotaur Hexslinger began the quest for the Orb.
     0 | D:1      | Reached XP level 1. HP: 16/16 MP: 1/1
     0 | D:1      | 0 ||| qw: Version: 0.3-a-35-g05ef00e
     0 | D:1      | 0 ||| qw: Game counter: 7742
     0 | D:1      | 0 ||| qw: Melee chars always use a shield: true
     0 | D:1      | 0 ||| qw: God list: Okawaru
     0 | D:1      | 0 ||| qw: Allow faded altars: false
     0 | D:1      | 0 ||| qw: Do Orc after clearing Dungeon:15 true
     0 | D:1      | 0 ||| qw: Do second Lair branch before Depths: true
     0 | D:1      | 0 ||| qw: Lair rune preference: random
     0 | D:1      | 0 ||| qw: Goals: Normal
     0 | D:1      | 0 ||| PLANNING D:1-11
   499 | D:1      | Reached skill level 3 in Ranged Weapons
   505 | D:1      | Reached XP level 2. HP: 23/23 MP: 2/2
   664 | D:1      | 664 ||| UPGRADING to +0 ring mail.
   674 | D:1      | 674 ||| DROPPING +0 robe.
   675 | D:1      | 675 ||| READING 3 scrolls labelled XIKHLI GEOTT.
   676 | D:1      | 676 ||| READING scroll labelled WEFUDER JUQEUL.
   677 | D:1      | 677 ||| READING scroll labelled QUCISK SEMA.
   678 | D:1      | 678 ||| DRINKING 2 lumpy inky potions.
   679 | D:1      | 679 ||| DROPPING 2 scrolls of vulnerability.
   680 | D:1      | 680 ||| DROPPING scroll of poison.
   753 | D:2      | Reached XP level 3. HP: 29/29 MP: 3/3
   906 | D:2      | 906 ||| FLEEEEING.
  1095 | D:2      | Found a faded altar of an unknown god.
  1114 | D:2      | Found a bloodstained altar of Trog.
  1169 | D:2      | Reached skill level 4 in Ranged Weapons
  1261 | D:2      | Reached skill level 1 in Armour
  1306 | D:2      | Reached XP level 4. HP: 36/36 MP: 4/4
  1692 | D:2      | 1692 ||| UPGRADING to +4 ring of slaying {mikee}.
  1693 | D:2      | 1693 ||| READING scroll labelled SENOZA NUMU.
  1694 | D:2      | 1694 ||| DRINKING 2 gluggy blue potions.
  1725 | D:2      | 1725 ||| DROPPING potion of lignification.
  1866 | D:3      | Reached skill level 5 in Ranged Weapons
  1923 | D:3      | Found a runed translucent gate.
  1923 | D:3      | Found a runed translucent gate.
  1924 | D:3      | Found a runed translucent gate.
  1926 | D:3      | Noticed a kobold brigand
  1926 | D:3      | Noticed qw's ghost (amateur MiHs)
  1932 | D:3      | Noticed Ijyb
  1940 | D:3      | HP: 2/37 [Ijyb/iceblast (19)]
  1941 | D:3      | 1941 ||| DRINKING potion of heal wounds.
  1942 | D:3      | Killed Ijyb
  1943 | D:3      | Reached skill level 3 in Fighting
  1943 | D:3      | Reached XP level 5. HP: 37/45 MP: 5/5
  2260 | D:3      | 2260 ||| READING scroll labelled FISETUNEXEA.
  2261 | D:3      | 2261 ||| READING scroll labelled OCAJYEL XUDGH.
  2261 | D:3      | Identified a scroll of acquirement
  2261 | D:3      | 2261 ||| ACQUIRING +0 hat of Yluobox {rF+ rN+ Will+}
  2261 | D:3      | Acquired the +0 hat of Yluobox {rF+ rN+ Will+}
  2555 | D:4      | Noticed a phantom
  2564 | D:4      | Killed a phantom
  2565 | D:4      | Reached skill level 6 in Ranged Weapons
  2614 | D:4      | Found a staircase to the Ecumenical Temple.
  2615 | D:4      | 2615 ||| PLANNING TEMPLE
  2655 | Temple   | Entered the Ecumenical Temple
  2655 | Temple   | Found a transporter.
  2655 | Temple   | Found a transporter.
  2657 | Temple   | Found a transporter.
  2657 | Temple   | Found a transporter.
  2667 | Temple   | 2667 ||| PLANNING D:1-11
  2670 | Temple   | 2670 ||| PLANNING OKAWARU WORSHIP
  2676 | Temple   | Became a worshipper of Warmaster Okawaru
  2677 | Temple   | 2677 ||| PLANNING D:1-11
  2677 | Temple   | 2677 ||| DROPPING amulet of guardian spirit.
  2750 | D:4      | Reached XP level 6. HP: 42/52 MP: 6/6
  3066 | D:4      | Found an ancient bone altar of Kikubaaqudgha.
  3087 | D:4      | 3087 ||| FLEEEEING.
  3088 | D:4      | 3088 ||| FLEEEEING.
  3136 | D:4      | Reached skill level 7 in Ranged Weapons
  3252 | D:4      | Reached XP level 7. HP: 59/59 MP: 7/7
  3345 | D:4      | 3345 ||| READING scroll labelled SESCHO WATUSS.
  3346 | D:4      | 3346 ||| READING scroll labelled KAFIHAEPPO.
  3385 | D:5      | Entered Level 5 of the Dungeon
  3392 | D:5      | Reached * piety under Okawaru
  3394 | D:5      | Found an ornate altar of the Wu Jian Council.
  3428 | D:5      | 3428 ||| INVOKING Heroism.
  3459 | D:5      | Reached skill level 8 in Ranged Weapons
  3551 | D:5      | 3551 ||| INVOKING Heroism.
  3559 | D:5      | HP: 14/60 [white imp/puff of frost (8)]
  3559 | D:5      | HP: 5/60 [orc/+0 flail (3)]
  3559 | D:5      | HP: 2/60 [something (3)]
  3560 | D:5      | Slain by a white imp

Levels and vault maps discovered:
D:1:      dpeg_arrival_pits, layout_basic, minmay_close_crescents
D:2:      layout_loops_corners, basic_altar, chequers_ecumenical_altar_twisty,
          dk_noncrumbling_4, minmay_octomino_e4
D:3:      layout_basic, gammafunk_ghost_nasty_kobolds,
          small_statue_intersection, uniq_ijyb
D:4:      layout_loops_cross, kennysheep_mini,
          minmay_temple_entry_statues_fountains
D:5:      layout_basic, mainiacjoe_overflow_brackets, kennysheep_diamond,
          guppyfry_early_lair_pool
Temple:   hellmonk_temple_divided_pantheon

Skill      XL: |  1  2  3  4  5  6  7 |
---------------+----------------------+-----
Ranged Weapons | 3 4 5 6 7 8 |  8.0
Fighting       | 2 3 4 |  4.7
Armour         | 1 |  1.0
Dodging        | |  2.1
Spellcasting   | |  1.0
Hexes          | |  2.0
Invocations    | |  0.8

Action                     |  1- 3 |  4- 6 |  7- 9 || total
---------------------------+-------+-------+-------++-------
   Fire: Sling             |    96 |   173 |    50 ||   319
 Invoke: Heroism           |       |       |     2 ||     2
    Use: Scroll            |     3 |     3 |     2 ||     8
         Potion            |     1 |     2 |       ||     3
 Armour: Robe              |     4 |       |       ||     4
         Ring mail         |     9 |    32 |    26 ||    67
  Dodge: Dodged            |    34 |    64 |    31 ||   129

Table legend:
 A = Non-vault XP
 B = Vault XP
 C = Vault XP percentage of total XP
 D = Non-vault monster count
 E = Vault monster count
 F = Vault count percentage of total count
                 A         B        C        D         E       F
            +---------+---------+-------+---------+---------+-------
      Total |     962 |      63 |   6.1 |      95 |       9 |   8.7
            +---------+---------+-------+---------+---------+-------
        D:1 |      17 |       8 |  32.0 |      10 |       4 |  28.6
        D:2 |     113 |       5 |   4.2 |      29 |       3 |   9.4
        D:3 |      35 |      36 |  50.7 |      20 |       1 |   4.8
        D:4 |     527 |       0 |   0.0 |      23 |       0 |   0.0
        D:5 |     270 |      14 |   4.9 |      13 |       1 |   7.1
            +---------+---------+-------+---------+---------+-------
